cohdb
Replays
Latest Replays
All Replays
Popular Replays
Top Player Replays
Match Explorer
How It Works
Community
CoH3 Stats
Reddit
Sign in to upload your games and track your stats! →
Sign in with Steam
Match 39216614
Unlisted
Match 39216614
Overview
Messages
Build Orders
End
Kradschützen Motorcycle Team
Panzergrenadier Squad
Selects Italian Infantry
Selects Italian Infantry
Panzergrenadier Squad
250 Light Carrier
Construct Light Support Kompanie
Selects Guastatori Squad
Guastatori Squad
Guastatori Squad
Fire Support Elements
Veteran Squad Leaders
MG34 Team
Assault Mechanized Group
Construct Panzerarmee Kommand
Selects Sound the Alarm
Flak 36 Anti-tank Gun Team
Guastatori Squad
Selects Registered Artillery
Armored Reserves
Registered Artillery
Tiger Heavy Tank
BlueSkidrow™
JSNZ
Dr. Jekyll
RtN.momo4sho
0
0
Comments
sign in to comment!
No comments posted yet!